 Dungeon Crawl Stone Soup version 0.23.2 (webtiles) character file.

Game seed: 6437791614356141035

141 Menchi the Ducker (level 5, -4/31 HPs)
             Began as a Kobold Wanderer on Apr 2, 2019.
             Was an Initiate of Makhleb.
             Slain by a gnoll
             ... wielding a +0 halberd
              (12 damage)
             ... on level 3 of the Dungeon.
             The game lasted 00:12:47 (3607 turns).

Menchi the Ducker (Kobold Wanderer)                 Turns: 3607, Time: 00:12:47

Health: -4/31      AC:  5    Str: 13    XL:     5   Next: 48%
Magic:  5/5        EV: 15    Int: 10    God:    Makhleb [......]
Gold:   99         SH:  0    Dex: 15    Spells: 4/4 levels left

rFire    . . .     SeeInvis .   q - +0 whip
rCold    . . .     Gourm    .   (shield restricted)
rNeg     . . .     Faith    .   b - +2 leather armour
rPois    .         Spirit   .   (no helmet)
rElec    .         Reflect  .   (no cloak)
rCorr    .         Harm     .   (no gloves)
MR       .....                  (no boots)
Stlth    ++........             (no amulet)
HPRegen  0.10/turn              (no ring)
MPRegen  0.09/turn              (no ring)

@: no status effects
A: small, carnivore
a: Renounce Religion


You were on level 3 of the Dungeon.
You worshipped Makhleb.
Makhleb was noncommittal.
You were completely stuffed.

You visited 1 branch of the dungeon, and saw 3 of its levels.

You collected 99 gold pieces.

Inventory:

Hand Weapons
 a - a +0 mace
 q - a +0 whip (weapon)
Armour
 b - a +2 leather armour (worn)
Scrolls
 e - a scroll of fog {unknown}
 f - a scroll of identify {unknown}
 g - a scroll of teleportation
 h - a scroll of immolation {unknown}
 i - a scroll of enchant weapon {unknown}
 j - a scroll of enchant armour {unknown}
 k - a scroll of remove curse
 l - a scroll of fear {unknown}
Potions
 c - 4 potions of curing
 n - a potion of invisibility {unknown}
 o - a potion of might
 p - a potion of agility {unknown}
Comestibles
 d - 6 rations


   Skills:
 + Level 2.4 Fighting
 * Level 2.4 Maces & Flails
   Level 1.2 Crossbows
 - Level 1.1 Throwing
 - Level 1.6 Armour
 + Level 3.4 Dodging
 + Level 3.0 Stealth
 - Level 2.3 Unarmed Combat


You had 4 spell levels left.
You didn't know any spells.
Your spell library was empty.

Dungeon Overview and Level Annotations

Branches:
Dungeon (3/15)

Altars:
Makhleb


Innate Abilities, Weirdness & Mutations

You are small and have problems with some larger weapons.
You are carnivorous and can eat meat at any time.


Message History

The gnoll misses you.
The gnoll shouts!
You see here a +0 dagger of venom.
You hear a splashing noise.
The gnoll closely misses you. The gnoll hits you but does no damage.
You hit the gnoll.
The gnoll is lightly wounded.
The gnoll hits you from afar with a +0 spear!
The gnoll hits you with a +0 halberd!
You are too injured to fight recklessly!
You are too injured to fight recklessly!
You are too injured to fight recklessly!
You are too injured to fight recklessly!
You are too injured to fight recklessly!
You hit the gnoll but do no damage.
The gnoll is lightly wounded.
The gnoll hits you from afar with a +0 spear.
* * * LOW HITPOINT WARNING * * *
The gnoll hits you with a +0 halberd!
You die...

#..........##.≈♣≈≈.≈≈P♣ ♣≈
#..........##..≈P≈.≈≈≈≈. ♣P
#..........##..≈♣P.≈≈♣..
#########..##.>≈♣≈.≈≈≈
##############.....♣♣P.P≈
#..........# ##..#.P♣P.≈≈
#...♣......# ##.#♣≈≈≈.≈≈≈
#.PP♣....<.### #.# ≈≈≈.≈P≈♣######
#.≈≈≈......<.###@# ≈≈≈.≈≈≈♣.....#
##≈PP.######...#g#♣g≈≈.≈≈≈♣......
#♣≈..# ###.g..PPg≈.≈≈≈.......
##### #...g##...♣P≈.P≈........
#.... ##..#g≈.≈......... #....
#...#.....###.... #....
##...............
#....#####..###..##....#
#...........###..#......


You could see 2 gnolls.

Vanquished Creatures
  A hound (D:3)
  2 adders (D:2)
  An ooze (D:2)
  4 worms (D:2)
  3 dart slugs
  A leopard gecko (D:1)
  2 ball pythons (D:1)
  A giant cockroach (D:3)
  8 goblins
  7 hobgoblins
  11 jackals
  A quokka (D:3)
  9 bats
  6 frilled lizards
  4 kobolds (D:1)
  10 rats
71 creatures vanquished.

Notes
Turn   | Place    | Note
-------+----------+-------------------------------------------
     0 | D:1      | Menchi the Kobold Wanderer began the quest for the Orb.
     0 | D:1      | Menchi set off with the following items: a +0 mace, a +2
                  | leather armour, a potion of curing, a ration
     0 | D:1      | Reached XP level 1. HP: 12/12 MP: 1/1
   226 | D:1      | Reached XP level 2. HP: 16/16 MP: 2/2
   343 | D:1      | Reached XP level 3. HP: 10/20 MP: 3/3
   529 | D:1      | Reached skill level 1 in Maces & Flails
  1626 | D:2      | Reached XP level 4. HP: 17/26 MP: 4/4
  2156 | D:2      | You fall through a shaft!
  2294 | D:3      | Found a burning altar of Makhleb.
  2757 | D:2      | Reached XP level 5. HP: 30/30 MP: 5/5
  3567 | D:3      | Became a worshipper of Makhleb the Destroyer
  3607 | D:3      | Slain by a gnoll

Skill      XL: |  1  2  3  4  5 |
---------------+----------------+-----
Maces & Flails | 1 2 |  2.4
Stealth        | 2 3 |  3.0
Dodging        | 3 |  3.4
Fighting       | 2 |  2.4
Crossbows      | |  1.2
Throwing       | |  1.1
Armour         | |  1.6
Unarmed Combat | |  2.3

Action                   |  1- 3 |  4- 6 || total
-------------------------+-------+-------++-------
Melee: Mace              |   132 |    99 ||   231
       Punch             |       |     2 ||     2
       Whip              |       |    53 ||    53
  Use: Scroll            |       |     3 ||     3
       Potion            |       |     2 ||     2
 Stab: Sleeping          |     2 |     3 ||     5
  Eat: Chunk             |    11 |     6 ||    17
Armor: Leather armour    |    45 |    71 ||   116
Dodge: Dodged            |   192 |   193 ||   385
